Map: Neon Violet Square LE

Players

SamuraiFunn - Winner!

  • Race: Protoss Protoss
  • Spawn Location: 11:00

A.I. 1 (Elite)

  • Race: Zerg Zerg
  • Spawn Location: 5:00

VOD

Have the link to the VOD?

Description

Time

  • Played on: Nov. 24, 2017, 1:16 p.m.
  • Length: 10:36
Show
View Real Time Build Order
Export as new Build Order

SamuraiFunn Protoss - Winner!

Build Orders: Dark Templar Rush 

Get SALT Encoding   

  12  0:01  Probe  
  13  0:13  Probe  
  14  0:23  Pylon  
  14  0:27  Probe  
  15  0:37  Assimilator  
  15  0:41  Probe  
  16  0:49  Gateway  
  16  0:53  Probe  
  17  1:02  Assimilator  
  17  1:05  Probe  
  18  1:22  Probe  
  19  1:35  Probe  
  20  1:40  Cybernetics Core  
  20  1:42  Zealot  
  23  1:47  Probe  
  23  1:55  Nexus  
  23  2:02  Pylon  
  23  2:19  Twilight Council  
  23  2:20  Probe  
  24  2:26  Pylon  
  24  2:32  Probe, Warp Gate (Chrono Boost)  
  26  2:44  Probe, Gateway  
  26  3:02  Probe  
  27  3:08  Probe  
  28  3:13  Charge  
  28  3:17  Zealot  
  30  3:22  Probe x2  
  30  3:23  Pylon  
  32  3:29  Gateway  
  32  3:39  Dark Shrine  
  32  3:42  Assimilator  
  32  3:51  Gateway  
  32  4:03  Probe x2  
  32  4:05  Assimilator  
  34  4:51  Pylon  
  34  5:02  Pylon  
  34  5:03  Dark Templar x3  
  34  5:04  Dark Templar  
  42  5:12  Nexus  
  42  5:13  Gateway x2  
  42  5:14  Probe  
  42  5:16  Probe  
  44  5:36  Dark Templar  
  44  5:37  Dark Templar x2  
  44  5:38  Probe  
  51  5:54  Shadow Stride (Chrono Boost)  
  49  6:00  Dark Templar  
  45  6:16  Zealot x3  
  51  6:28  Gateway  
  51  6:29  Gateway  
  51  6:33  Probe x2  
  51  6:37  Probe  
  46  6:48  Probe x2  
  46  6:49  Probe  
  45  7:10  Stalker  
  45  7:11  Stalker x4  
  45  7:12  Stalker  
  57  7:22  Blink  
  51  7:41  Probe x3  
  54  7:55  Stalker x5  
  62  7:59  Probe  
  62  8:00  Probe  
  54  8:16  Stalker x3  
  52  8:42  Stalker x3  
  52  8:43  Stalker x2  
  52  8:44  Stalker  
  52  8:47  Probe  
  61  9:01  Stalker x2  
  65  9:03  Probe x2  
  67  9:12  Stalker  
  69  9:21  Templar Archives  
  67  9:34  Probe x3  
  68  9:46  Probe x2  
  68  9:47  Probe  
  68  9:49  Stalker x5  
  81  9:54  Dark Templar  
  81  9:55  Dark Templar  
Show
View Real Time Build Order
Export as new Build Order

A.I. 1 (Elite) Zerg 

Build Orders: Pool First 

Get SALT Encoding   

  12  0:00  Drone  
  13  0:13  Overlord  
  13  0:18  Drone  
  14  0:31  Drone x2  
  16  0:44  Spawning Pool  
  16  0:45  Drone  
  16  0:50  Drone  
  17  1:12  Hatchery  
  17  1:16  Drone  
  17  1:18  Extractor  
  16  1:22  Drone  
  16  1:24  Extractor  
  16  1:28  Drone  
  17  1:33  Drone  
  17  1:39  Drone  
  19  1:49  Overlord  
  19  2:00  Queen  
  21  2:05  Zergling x2  
  22  2:11  Drone  
  23  2:27  Queen  
  25  2:34  Drone  
  26  2:38  Drone  
  26  2:42  Drone  
  28  2:46  Drone  
  29  3:01  Roach Warren  
  29  3:03  Drone  
  29  3:07  Drone  
  29  3:10  Zergling x2  
  31  3:13  Zergling x2  
  32  3:20  Overlord  
  32  3:23  Drone  
  32  3:26  Drone  
  34  3:41  Roach  
  34  3:42  Roach x2  
  34  3:44  Roach  
  42  3:50  Lair  
  42  3:55  Overlord  
  42  4:00  Overlord  
  42  4:05  Zergling x2  
  42  4:07  Zergling x2  
  44  4:13  Zergling x2, Drone  
  44  4:14  Drone  
  47  4:17  Drone  
  47  4:19  Drone  
  47  4:22  Drone  
  50  4:26  Roach  
  50  4:29  Roach  
  54  4:34  Overlord  
  54  4:42  Drone  
  54  4:44  Drone  
  56  4:46  Drone  
  56  4:48  Drone  
  56  4:51  Drone, Infestation Pit  
  58  4:54  Overlord  
  58  4:58  Overlord  
  58  5:02  Roach  
  60  5:07  Hydralisk Den  
  60  5:11  Drone  
  60  5:13  Drone  
  61  5:15  Drone  
  61  5:17  Drone  
  61  5:19  Drone  
  61  5:21  Drone  
  65  5:22  Drone  
  65  5:26  Drone  
  64  5:29  Drone  
  64  5:31  Overseer, Drone  
  63  5:35  Drone  
  63  5:37  Hydralisk  
  63  5:42  Hydralisk  
  65  5:49  Hydralisk  
  63  5:53  Drone  
  63  5:55  Drone  
  49  5:59  Zergling x2  
  49  6:01  Zergling x2  
  39  6:11  Roach  
  38  6:14  Roach  
  39  6:18  Zergling x2, Roach  
  39  6:23  Roach  
  40  6:44  Zergling x2  
  35  6:47  Zergling x2  
  35  6:51  Roach  
  32  6:56  Roach  
  32  7:01  Roach  
  36  7:05  Roach  
  36  7:10  Roach  
  38  7:15  Hydralisk  
  38  7:22  Hydralisk  
  42  7:26  Zergling x2  
  42  7:28  Zergling x2  
  42  7:34  Roach  
  36  7:44  Roach  
  36  7:48  Roach  
  36  7:49  Roach  
  40  7:53  Zergling x2  
  40  7:55  Hatchery  
  40  7:56  Roach  
  36  8:06  Zergling x2  
  37  8:17  Roach  
  38  8:28  Zergling x2  
  36  8:38  Zergling x2  
  35  8:41  Hydralisk  
  35  8:42  Drone, Roach  
  36  8:50  Infestor  
  36  9:01  Zergling x2  
  34  9:07  Roach  
  36  9:10  Hydralisk  
  36  9:11  Drone, Roach  
  36  9:12  Infestor  
  43  9:24  Zergling x2  
  38  9:34  Zergling x2  
  37  9:39  Hydralisk, Roach  
  37  9:43  Roach  
  43  9:51  Hatchery  
  43  9:52  Zergling x2  
Tags
 
Add a new tag
Caveats
  • Supply blocks, unpowered buildings, or Contaminate may cause inaccurate times.
  • Supply counts are checked every 10 seconds.